[ AOE2 MATCH · #506212457 ]
UnrankedHuns vs Tupi
Player's team · LOSS
Rival team · WIN
[ REPLAY ANALYSIS · EXTRACTED FROM THE RECORDED GAME ]
Feudal
9:16
Castle
21:35
Imperial
—
| APM avg | 65.2 |
| APM peak | 101 |
| eAPM avg | 23.5 |
| Villagers / military | 67 / 28 |
Focus
⚔️ 45.4% · 🌾 54.6%
Cavalry Archer ×17 · Skirmisher ×6 · Scout Cavalry ×5
Feudal
11:21
Castle
15:01
Imperial
—
| APM avg | 38.2 |
| APM peak | 75 |
| eAPM avg | 21.1 |
| Villagers / military | 47 / 6 |
Focus
⚔️ 39.6% · 🌾 60.4%
Unknown (2579) ×20 · Monk ×4 · Mangonel ×2
Match map
Initial resources + every placement click. Lines = walls · curves = elevation contours. ◆ gold · ⬟ stone · ● berries · ✦ relic · ◌ wall gap
Your base· Open — unwalled flank
DaddySt4rk's base· Open — unwalled flank
Smoothed initial terrain · ◌ = detected wall gap · hover for details
Inputs per minute
— Chagas - - DaddySt4rk
Build order — Chagas
First 150 of 171 actions detected
| 0:00 | Queue | Villager (Male) |
| 0:01 | Queue | Villager (Male) |
| 0:01 | Queue | Villager (Male) |
| 0:11 | Queue | Villager (Male) |
| 1:17 | Queue | Villager (Male) |
| 1:49 | Queue | Villager (Male) |
| 2:03 | Build | Lumber Camp |
| 2:06 | Queue | Villager (Male) |
| 2:38 | Queue | Villager (Male) |
| 2:53 | Queue | Villager (Male) |
| 3:23 | Queue | Villager (Male) |
| 4:02 | Queue | Villager (Male) |
| 4:03 | Queue | Villager (Male) |
| 4:03 | Queue | Villager (Male) |
| 4:19 | Build | Mill |
| 4:57 | Queue | Villager (Male) |
| 4:57 | Queue | Villager (Male) |
| 5:00 | Queue | Villager (Male) |
| 5:12 | Queue | Villager (Male) |
| 5:21 | Build | Farm |
| 6:06 | Research | Loom |
| 6:55 | Research | Feudal Age |
| 6:57 | Build | Mill |
| 8:18 | Build | Barracks |
| 9:16 | Age | Feudal Age |
| 9:19 | Queue | Villager (Male) |
| 9:22 | Build | Stable |
| 9:24 | Queue | Villager (Male) |
| 9:57 | Queue | Villager (Male) |
| 9:59 | Build | Mining Camp |
| 10:02 | Queue | Scout Cavalry |
| 10:02 | Queue | Scout Cavalry |
| 10:04 | Queue | Villager (Male) |
| 10:06 | Queue | Scout Cavalry |
| 10:06 | Queue | Scout Cavalry |
| 10:11 | Queue | Villager (Male) |
| 10:29 | Queue | Villager (Male) |
| 10:29 | Queue | Villager (Male) |
| 10:47 | Queue | Villager (Male) |
| 10:51 | Build | Mining Camp |
| 11:20 | Build | Watch Tower |
| 11:33 | Build | Watch Tower |
| 11:39 | Queue | Villager (Male) |
| 12:24 | Queue | Villager (Male) |
| 12:45 | Build | Barracks |
| 12:52 | Queue | Scout Cavalry |
| 13:04 | Build | Watch Tower |
| 13:08 | Queue | Villager (Male) |
| 13:16 | Build | Farm |
| 13:40 | Build | Stone Wall |
| 13:41 | Build | Stone Wall |
| 13:41 | Build | Stone Wall |
| 13:42 | Build | Stone Wall |
| 13:42 | Build | Stone Wall |
| 13:42 | Build | Stone Wall |
| 13:43 | Build | Stone Wall |
| 13:44 | Build | Stone Wall |
| 14:10 | Queue | Villager (Male) |
| 14:10 | Queue | Villager (Male) |
| 14:12 | Build | Farm |
| 14:13 | Build | Farm |
| 14:13 | Build | Farm |
| 14:13 | Build | Farm |
| 14:14 | Build | Farm |
| 14:14 | Build | Farm |
| 14:26 | Build | Stone Wall |
| 14:27 | Build | Stone Wall |
| 14:56 | Queue | Villager (Male) |
| 15:06 | Queue | Villager (Male) |
| 15:06 | Queue | Villager (Male) |
| 15:29 | Queue | Villager (Male) |
| 15:30 | Queue | Villager (Male) |
| 15:57 | Build | Watch Tower |
| 16:07 | Build | Stone Wall |
| 16:08 | Build | Stone Wall |
| 16:08 | Build | Stone Wall |
| 16:08 | Build | Stone Wall |
| 16:08 | Build | Stone Wall |
| 16:09 | Build | Stone Wall |
| 16:09 | Build | Stone Wall |
| 16:09 | Build | Stone Wall |
| 16:10 | Build | Stone Wall |
| 16:11 | Queue | Villager (Male) |
| 16:11 | Queue | Villager (Male) |
| 16:37 | Queue | Villager (Male) |
| 16:37 | Queue | Villager (Male) |
| 16:52 | Queue | Villager (Male) |
| 17:13 | Queue | Villager (Male) |
| 17:14 | Queue | Villager (Male) |
| 17:14 | Queue | Villager (Male) |
| 17:19 | Build | Stone Wall |
| 17:20 | Build | Stone Wall |
| 17:40 | Queue | Villager (Male) |
| 17:45 | Build | Watch Tower |
| 17:48 | Queue | Villager (Male) |
| 17:50 | Build | Market |
| 18:13 | Queue | Villager (Male) |
| 18:55 | Research | Castle Age |
| 19:34 | Build | Archery Range |
| 19:36 | Build | Archery Range |
| 19:43 | Build | Watch Tower |
| 19:47 | Queue | Villager (Male) |
| 19:50 | Build | Lumber Camp |
| 19:59 | Build | Outpost |
| 20:01 | Build | Outpost |
| 20:13 | Queue | Villager (Male) |
| 20:55 | Build | Watch Tower |
| 21:24 | Build | Blacksmith |
| 21:35 | Age | Castle Age |
| 21:42 | Queue | Skirmisher |
| 21:43 | Queue | Skirmisher |
| 21:49 | Research | Fletching |
| 21:51 | Queue | Villager (Male) |
| 21:54 | Queue | Villager (Male) |
| 21:55 | Queue | Villager (Male) |
| 21:55 | Queue | Villager (Male) |
| 22:06 | Queue | Villager (Male) |
| 22:17 | Build | Town Center |
| 22:20 | Queue | Villager (Male) |
| 22:21 | Queue | Skirmisher |
| 22:28 | Queue | Skirmisher |
| 22:28 | Queue | Skirmisher |
| 22:39 | Queue | Skirmisher |
| 22:47 | Research | Bodkin Arrow |
| 23:06 | Build | Farm |
| 23:44 | Build | Farm |
| 23:46 | Build | Farm |
| 23:47 | Build | Farm |
| 23:50 | Build | Farm |
| 23:58 | Queue | Villager (Male) |
| 23:59 | Queue | Villager (Male) |
| 24:12 | Build | Town Center |
| 24:45 | Queue | Cavalry Archer |
| 25:11 | Queue | Villager (Male) |
| 25:11 | Queue | Villager (Male) |
| 25:17 | Build | Farm |
| 25:33 | Queue | Cavalry Archer |
| 25:36 | Queue | Villager (Male) |
| 25:39 | Build | Farm |
| 25:41 | Build | Farm |
| 25:43 | Queue | Cavalry Archer |
| 25:43 | Queue | Cavalry Archer |
| 25:58 | Queue | Cavalry Archer |
| 25:58 | Queue | Cavalry Archer |
| 26:00 | Build | Farm |
| 26:02 | Queue | Villager (Male) |
| 26:09 | Queue | Cavalry Archer |
| 26:29 | Queue | Cavalry Archer |
| 26:33 | Queue | Villager (Male) |
| 26:46 | Queue | Cavalry Archer |
Build order — DaddySt4rk
146 actions detected in the replay
| 0:01 | Queue | Villager (Male) ×4 |
| 0:02 | Build | House |
| 0:03 | Build | House |
| 1:21 | Queue | Villager (Male) |
| 1:41 | Queue | Villager (Male) |
| 2:25 | Queue | Villager (Male) |
| 2:36 | Build | Settlement |
| 2:47 | Queue | Villager (Male) |
| 3:03 | Build | Palisade Wall |
| 3:14 | Queue | Villager (Male) |
| 3:22 | Queue | Villager (Male) |
| 3:23 | Queue | Villager (Male) |
| 4:29 | Queue | Villager (Male) |
| 4:39 | Queue | Villager (Male) |
| 5:03 | Queue | Villager (Male) |
| 5:06 | Build | House |
| 5:30 | Build | Settlement |
| 5:36 | Queue | Villager (Male) |
| 6:00 | Queue | Villager (Male) |
| 6:24 | Queue | Villager (Male) |
| 7:05 | Queue | Villager (Male) |
| 7:29 | Queue | Villager (Male) |
| 7:55 | Queue | Villager (Male) |
| 8:03 | Build | Farm |
| 8:04 | Build | Farm |
| 8:21 | Queue | Villager (Male) |
| 8:45 | Research | Loom |
| 8:45 | Research | Feudal Age |
| 8:56 | Build | Palisade Wall |
| 8:59 | Build | Palisade Wall |
| 9:00 | Build | Palisade Wall |
| 9:01 | Build | Palisade Wall |
| 9:06 | Build | Palisade Gate |
| 9:09 | Build | Palisade Wall |
| 9:11 | Build | Palisade Wall |
| 9:12 | Build | Palisade Wall |
| 9:33 | Queue | Villager (Male) |
| 9:33 | Queue | Villager (Male) |
| 11:21 | Build | Palisade Wall |
| 11:21 | Age | Feudal Age |
| 11:23 | Build | Market |
| 11:25 | Build | Blacksmith |
| 11:28 | Build | House |
| 11:30 | Build | Palisade Wall |
| 11:46 | Build | House |
| 12:21 | Research | Castle Age |
| 12:21 | Research | Castle Age |
| 13:25 | Build | Palisade Gate |
| 13:27 | Build | House |
| 13:31 | Build | Palisade Wall |
| 14:07 | Build | House |
| 15:01 | Age | Castle Age |
| 15:01 | Build | Farm |
| 15:03 | Build | Farm |
| 15:05 | Queue | Villager (Male) |
| 15:08 | Build | Farm |
| 15:18 | Build | Farm |
| 15:20 | Build | Farm |
| 15:22 | Queue | Villager (Male) |
| 15:34 | Build | Castle |
| 15:38 | Queue | Villager (Male) |
| 15:41 | Build | House |
| 15:45 | Build | House |
| 15:46 | Build | Palisade Wall |
| 15:53 | Queue | Villager (Male) |
| 16:05 | Queue | Villager (Male) |
| 16:40 | Research | Double-Bit Axe |
| 16:53 | Build | Outpost |
| 16:56 | Build | Settlement |
| 16:58 | Queue | Unit 2579 |
| 16:59 | Queue | Unit 2579 |
| 17:02 | Queue | Unit 2579 |
| 17:02 | Queue | Unit 2579 |
| 17:23 | Research | Fletching |
| 17:27 | Build | Settlement |
| 17:30 | Build | Palisade Wall |
| 17:31 | Build | Palisade Wall |
| 17:40 | Build | Palisade Wall |
| 17:45 | Queue | Villager (Male) |
| 17:53 | Build | Farm |
| 18:15 | Build | Palisade Wall |
| 18:16 | Build | Palisade Wall |
| 18:26 | Queue | Villager (Male) |
| 18:27 | Queue | Unit 2579 |
| 18:45 | Queue | Unit 2579 |
| 18:52 | Queue | Villager (Male) |
| 19:05 | Build | Settlement |
| 19:08 | Queue | Villager (Male) |
| 19:29 | Queue | Unit 2579 |
| 19:39 | Research | Bow Saw |
| 19:50 | Build | Farm |
| 19:59 | Queue | Villager (Male) |
| 20:08 | Build | Farm |
| 20:21 | Queue | Villager (Male) |
| 20:27 | Queue | Unit 2579 |
| 20:27 | Queue | Unit 2579 |
| 20:29 | Queue | Unit 2579 |
| 20:32 | Queue | Villager (Male) |
| 20:47 | Queue | Unit 2579 |
| 21:07 | Queue | Villager (Male) |
| 21:08 | Queue | Unit 2579 |
| 21:08 | Queue | Unit 2579 |
| 21:22 | Build | Farm |
| 21:40 | Research | Horse Collar |
| 21:41 | Research | Town Watch |
| 21:44 | Build | Farm |
| 21:51 | Queue | Unit 2579 |
| 22:04 | Queue | Unit 2579 |
| 22:07 | Queue | Villager (Male) |
| 22:39 | Queue | Villager (Male) |
| 22:41 | Build | Farm |
| 22:43 | Build | Farm |
| 22:44 | Queue | Unit 2579 |
| 22:44 | Queue | Unit 2579 |
| 23:00 | Build | Monastery |
| 23:02 | Queue | Villager (Male) |
| 23:19 | Research | Wheelbarrow |
| 23:43 | Queue | Monk |
| 23:47 | Queue | Monk |
| 23:49 | Build | Siege Workshop |
| 24:01 | Queue | Villager (Male) |
| 24:17 | Research | Gold Mining |
| 24:30 | Queue | Unit 2579 |
| 24:41 | Queue | Monk |
| 24:47 | Build | Farm |
| 24:59 | Queue | Mangonel |
| 25:02 | Queue | Villager (Male) |
| 25:08 | Build | Farm |
| 25:24 | Build | Farm |
| 25:24 | Queue | Villager (Male) |
| 25:52 | Queue | Mangonel |
| 25:55 | Queue | Villager (Male) |
| 26:01 | Build | Settlement |
| 26:33 | Queue | Villager (Male) |
| 26:36 | Build | Farm |
| 26:40 | Build | Farm |
| 26:41 | Build | Farm |
| 26:46 | Build | Farm |
| 26:49 | Build | Farm |
| 26:52 | Queue | Villager (Male) |
| 27:18 | Build | Outpost |
| 27:25 | Queue | Villager (Male) |
| 27:27 | Queue | Villager (Male) |
| 27:31 | Queue | Unit 2579 |
| 27:31 | Queue | Unit 2579 |
| 27:54 | Queue | Monk |
Match timeline
| 3:03 | DaddySt4rk · wall_segment Palisade Wall x1 |
| 8:18 | Chagas · first_building Barracks |
| 8:56 | DaddySt4rk · wall_segment Palisade Wall x2 |
| 8:59 | DaddySt4rk · wall_segment Palisade Wall x1 |
| 9:00 | DaddySt4rk · wall_segment Palisade Wall x1 |
| 9:01 | DaddySt4rk · wall_segment Palisade Wall x1 |
| 9:09 | DaddySt4rk · wall_segment Palisade Wall x1 |
| 9:11 | DaddySt4rk · wall_segment Palisade Wall x1 |
| 9:12 | DaddySt4rk · wall_segment Palisade Wall x1 |
| 9:16 | Chagas · age_up feudal |
| 9:22 | Chagas · first_building Stable |
| 11:21 | DaddySt4rk · age_up feudal |
| 11:21 | DaddySt4rk · wall_segment Palisade Wall x1 |
| 11:30 | DaddySt4rk · wall_segment Palisade Wall x2 |
| 12:20 | DaddySt4rk · first_market_sell 100 stone |
| 13:31 | DaddySt4rk · wall_segment Palisade Wall x1 |
| 13:40 | Chagas · wall_segment Stone Wall x1 |
| 13:41 | Chagas · wall_segment Stone Wall x1 |
| 13:41 | Chagas · wall_segment Stone Wall x1 |
| 13:42 | Chagas · wall_segment Stone Wall x1 |
| 13:42 | Chagas · wall_segment Stone Wall x1 |
| 13:42 | Chagas · wall_segment Stone Wall x1 |
| 13:43 | Chagas · wall_segment Stone Wall x1 |
| 13:44 | Chagas · wall_segment Stone Wall x1 |
| 14:26 | Chagas · wall_segment Stone Wall x1 |
| 14:27 | Chagas · wall_segment Stone Wall x1 |
| 15:01 | DaddySt4rk · age_up castle |
| 15:34 | DaddySt4rk · first_building Castle |
| 15:46 | DaddySt4rk · wall_segment Palisade Wall x1 |
| 16:07 | Chagas · wall_segment Stone Wall x1 |
| 16:08 | Chagas · wall_segment Stone Wall x1 |
| 16:08 | Chagas · wall_segment Stone Wall x1 |
| 16:08 | Chagas · wall_segment Stone Wall x2 |
| 16:08 | Chagas · wall_segment Stone Wall x1 |
| 16:09 | Chagas · wall_segment Stone Wall x1 |
| 16:09 | Chagas · wall_segment Stone Wall x2 |
| 16:09 | Chagas · wall_segment Stone Wall x1 |
| 16:10 | Chagas · wall_segment Stone Wall x1 |
| 17:19 | Chagas · wall_segment Stone Wall x1 |
| 17:20 | Chagas · wall_segment Stone Wall x2 |
| 17:30 | DaddySt4rk · wall_segment Palisade Wall x1 |
| 17:31 | DaddySt4rk · wall_segment Palisade Wall x1 |
| 17:40 | DaddySt4rk · wall_segment Palisade Wall x5 |
| 18:15 | DaddySt4rk · wall_segment Palisade Wall x1 |
| 18:16 | DaddySt4rk · wall_segment Palisade Wall x1 |
| 18:46 | Chagas · first_market_buy 500 food |
| 18:47 | Chagas · first_market_sell 100 wood |
| 19:04 | DaddySt4rk · first_market_buy 100 wood |
| 19:34 | Chagas · first_building Archery Range |
| 21:35 | Chagas · age_up castle |
| 23:00 | DaddySt4rk · first_building Monastery |
| 23:49 | DaddySt4rk · first_building Siege Workshop |
| 27:26 | Chagas · first_building Siege Workshop |
| 28:12 | Chagas · resign |
[ AI ANALYSIS · 1 CREDIT ]
What really happened in this match?
Wolo.gg analyzes every decision: build order, eco, micro, common mistakes by bracket. Personalized analysis on WhatsApp or Discord in 30 seconds.
Civ guide
Huns
Perfil
Jugador #25079803